 Dungeon Crawl Stone Soup version 0.22.1-2-g9c5b331 (webtiles) character file.

16430 bucktheduck the Fighter (level 12, -2/112 HPs)
             Began as a Minotaur Berserker on Dec 7, 2018.
             Was a High Priest of Trog.
             Slain by a spriggan rider
             ... wielding the +7 trident of Inquiry {pain, *Contam rN+ MR+ Stlth+}
              (4 damage)
             ... on level 3 of the Lair of Beasts on Dec 12, 2018.
             The game lasted 00:39:25 (11116 turns).

bucktheduck the Fighter (Minotaur Berserker)       Turns: 11116, Time: 00:39:26

Health: -2/112     AC: 12    Str: 26    XL:     12   Next: 10%
Magic:  11/11      EV: 12    Int:  9    God:    Trog [*****.]
Gold:   267        SH:  5    Dex: 13    Spells: 11/11 levels left

rFire    . . .     SeeInvis +   I - +8 trident of the Octopus King {venom, rElec rPois MR+}
rCold    . . .     Gourm    .   K - +0 buckler
rNeg     . . .     Faith    .   u - +1 ring mail "Gustraec" {SInv}
rPois    +         Spirit   .   (helmet restricted)
rElec    +         Reflect  .   L - +0 cloak
rCorr    .         Harm     .   y - +0 pair of gloves
MR       +....     NoTele   +   g - +0 pair of boots of the Dungeon {-Tele Int+5 SInv}
Stlth    +.........             j - amulet of regeneration
HPRegen  0.68/turn              b - +2 ring of dexterity
MPRegen  0.12/turn              (no ring)

@: berserk cooldown, slowed, drained, very slow
A: retaliatory headbutt, horns 2
a: Berserk, Trog's Hand, Brothers in Arms, Renounce Religion


You were on level 3 of the Lair of Beasts.
You worshipped Trog.
Trog was extremely pleased with you.
You were hungry.

You visited 2 branches of the dungeon, and saw 14 of its levels.

You collected 644 gold pieces.
You spent 377 gold pieces at shops.

Inventory:

Hand Weapons
 I - the +8 trident of the Octopus King (weapon) {venom, rElec rPois MR+}
   (You found it on level 11 of the Dungeon)

   It poisons the flesh of those it strikes.
   It insulates you from electricity.
   It protects you from poison.
   It affects your resistance to hostile enchantments.
Missiles
 s - a throwing net
 w - 3 tomahawks
 E - 3 silver tomahawks (quivered)
Armour
 g - the +0 pair of boots of the Dungeon (worn) {-Tele Int+5 SInv}
   (You bought it in a shop on level 5 of the Dungeon)

   It affects your intelligence (+5).
   It lets you see invisible.
   It prevents most forms of teleportation.
 u - the +1 ring mail "Gustraec" (worn) {SInv}
   (You found it on level 4 of the Dungeon)

   It lets you see invisible.
 y - a +0 pair of gloves (worn)
 K - a +0 buckler (worn)
 L - a +0 cloak (worn)
Jewellery
 b - a +2 ring of dexterity (left hand)
 j - an amulet of regeneration (around neck)
 A - an uncursed amulet of faith
 B - a +5 amulet of reflection {unknown}
Wands
 q - a wand of flame (81)
 t - a wand of digging (42)
 M - a wand of random effects (38)
Scrolls
 a - 2 scrolls of blinking {unknown}
 d - 2 scrolls of fear
 e - 3 scrolls of fog
 f - 2 scrolls of immolation
 m - a scroll of torment {unknown}
 p - a scroll of amnesia {unknown}
 r - a scroll of remove curse
 v - 3 scrolls of teleportation
 x - 4 scrolls of identify
 z - a scroll of brand weapon {unknown}
 D - a scroll of enchant armour {unknown}
Potions
 h - 8 potions of curing
 i - a potion of cancellation
 k - 3 potions of might
 l - a potion of invisibility
 n - 2 potions of brilliance
 o - 3 potions of heal wounds
 C - 2 potions of degeneration {unknown}
 F - a potion of magic
 H - 2 potions of agility {unknown}
Miscellaneous
 G - a sack of spiders
Comestibles
 c - 45 rations
 J - 4 chunks of flesh


   Skills:
 + Level 12.2(11.5) Fighting
   Level 12.0(13.1) Axes
 + Level 11.7(12.9) Polearms
 + Level 1.4(0.9) Throwing
 + Level 10.8(10.2) Armour
 - Level 3.0(2.5) Dodging
 - Level 0.1(0.0) Stealth
 + Level 4.4(3.9) Shields


You had 11 spell levels left.
You didn't know any spells.
Your spell library was empty.

Dungeon Overview and Level Annotations

Branches:
Dungeon (11/15)            Temple (0/1) D:7            Lair (3/6) D:11
  Swamp: Lair:2-4    Shoals: Lair:2-4     Snake: Lair:2-4    Spider: Lair:2-4
    Orc: D:9-12

Altars:
Ashenzari
Cheibriados
Dithmenos
Elyvilon
Gozag
Hepliaklqana
Okawaru
Ru
Uskayaw
Wu Jian
Yredelemnul

Shops:
D:5 *[   D:6 (   D:9 *


Innate Abilities, Weirdness & Mutations

You reflexively headbutt those who attack you in melee.
You have a pair of horns on your head.


Message History

The spriggan rider closely misses you.
The boggart casts a spell.
The spriggan rider hits you from afar with a spear!
You cannot teleport because you are wearing the +0 pair of boots of the Dungeon
As you read the scroll of fear, it crumbles to dust.
You assume a fearsome visage.
The boggart resists with some effort.
The spriggan rider resists with some effort.
The spriggan resists with almost no effort.
The spriggan rider looks frightened!
You block the spriggan rider's attack.
The spriggan hits you from afar with a spear.
The spriggan rider hits you from afar with a transparent trident {pain}!!
* * * LOW HITPOINT WARNING * * *
You writhe in agony.
* * * LOW HITPOINT WARNING * * *
The spriggan hits you from afar with a spear.
* * * LOW HITPOINT WARNING * * *
The spriggan rider hits you from afar with a transparent trident {pain}!
* * * LOW HITPOINT WARNING * * *
You writhe in agony.
You die... ... .. .) ...###.
P.### ............. .... ............P....## PP..

.P...?.....##.....# #P...#
#..P......#.....###..P..##
..........##...##.#..... #
#.....P@............. ..
#.....#.....#P.....# ..
##.....ii.........# ..
##...P#...........# ##..
#.......g...i.....###..#
....(♣♣#8...8#♣♣.....#..#
......♣h♣##H##♣.♣........##
##....♣h♣h♣..♣..♣..........
......♣♣...♣..♣♣♣#.........


You could see 2 spriggan riders, a hippogriff, a spriggan, a wolf and a boggart.

Vanquished Creatures
  The ghost of Dulliwn the Basher, a journeyman GrBe of Trog (Lair:3)
  A hydra (Lair:2)
  Harold (D:9)
  2 two-headed ogres
  2 ugly things (D:11)
  3 black mambas
  3 spiny frogs
  A gargoyle (D:11)
  2 komodo dragons
  A freezing wraith (D:11)
  A hornet (D:8)
  A troll (D:11)
  Grinder (D:5)
  17 yaks
  A wraith (D:10)
  A wyvern (Lair:2)
  A basilisk (Lair:1)
  An acid dragon (D:9)
  2 water moccasins
  7 porcupines
  An orc warrior (D:10)
  3 phantoms
  2 sky beasts
  3 ice beasts
  6 ogres
  7 centaurs
  4 crocodiles
  4 bullfrogs
  2 scorpions
  6 killer bees (D:11)
  4 wights (D:9)
  4 howler monkeys
  An electric eel (D:6)
  8 crimson imps
  A quasit (D:10)
  2 orc priests
  6 hounds
  A jelly (D:5)
  3 orc wizards
  2 bullfrog skeletons (D:5)
  4 iguanas
  Natasha (thrice) (D:4)
  Ijyb (D:5)
  11 worker ants
  A hound skeleton (D:4)
  A worker ant zombie (D:10)
  14 adders
  3 gnolls (D:8)
  A shadow imp (D:9)
  2 oozes
  3 worms
  5 dart slugs
  A leopard gecko (D:9)
  29 orcs
  11 giant cockroaches
  7 goblins
  4 hobgoblins
  7 jackals
  8 quokkas
  2 ball pythons
  10 bats
  11 frilled lizards
  A jackal zombie (D:5)
  9 kobolds
  9 rats
278 creatures vanquished.

Vanquished Creatures (collateral kills)
  A centaur warrior (D:11)
1 creature vanquished.

Vanquished Creatures (others)
  A quokka (D:11)
  3 fungi (Lair:2)
  2 plants (Lair:3)
6 creatures vanquished.

Grand Total: 285 creatures vanquished

Notes
Turn   | Place    | Note
-------+----------+-------------------------------------------
     0 | D:1      | bucktheduck the Minotaur Berserker began the quest for the
                  | Orb.
     0 | D:1      | Reached XP level 1. HP: 19/19 MP: 0/0
   131 | D:1      | Reached XP level 2. HP: 21/27 MP: 1/1
   608 | D:1      | Reached XP level 3. HP: 33/33 MP: 2/2
   709 | D:2      | Reached ** piety under Trog
   841 | D:2      | Reached skill level 5 in Axes
   841 | D:2      | Reached XP level 4. HP: 37/41 MP: 3/3
   918 | D:2      | Found an iron altar of Okawaru.
  1016 | D:2      | Found a hazy altar of Hepliaklqana.
  1132 | D:2      | Found a sacrificial altar of Ru.
  1141 | D:2      | Reached XP level 5. HP: 39/47 MP: 4/4
  1419 | D:3      | Noticed an ogre
  1427 | D:3      | Killed an ogre
  1427 | D:3      | Reached *** piety under Trog
  1427 | D:3      | Reached skill level 5 in Fighting
  1785 | D:3      | Found a white marble altar of Elyvilon.
  1786 | D:3      | Found a shattered altar of Ashenzari.
  1847 | D:3      | Reached XP level 6. HP: 56/56 MP: 5/5
  2023 | D:4      | Got a jewelled ring mail
  2031 | D:3      | Identified the cursed +1 ring mail "Gustraec" {SInv} (You
                  | found it on level 4 of the Dungeon)
  2276 | D:4      | Found a shadowy altar of Dithmenos.
  2391 | D:4      | Noticed Natasha
  2399 | D:4      | Killed Natasha
  2450 | D:4      | Reached XP level 7. HP: 39/62 MP: 6/6
  2687 | D:4      | Noticed Natasha
  2693 | D:4      | Killed Natasha
  2697 | D:4      | Noticed Natasha
  2702 | D:4      | Killed Natasha
  2841 | D:5      | Entered Level 5 of the Dungeon
  2890 | D:5      | Reached skill level 1 in Polearms
  2982 | D:5      | Found Iluumon's Antique Armour Shop.
  2991 | D:5      | Bought a buckler for 121 gold pieces
  3093 | D:5      | Found Sejot's Assorted Antiques.
  3128 | D:5      | Noticed Ijyb
  3138 | D:5      | Killed Ijyb
  3175 | D:5      | Noticed Grinder
  3186 | D:5      | Reached **** piety under Trog
  3195 | D:5      | Paralysed by Grinder for 2 turns
  3228 | D:5      | Paralysed by Grinder for 2 turns
  3240 | D:5      | Killed Grinder
  3240 | D:5      | Reached skill level 5 in Armour
  3240 | D:5      | Reached XP level 8. HP: 61/73 MP: 7/7
  3675 | D:6      | Found Piggu's Weapon Boutique.
  4005 | D:6      | Found an ornate altar of the Wu Jian Council.
  4573 | D:6      | Reached skill level 5 in Polearms
  4972 | D:7      | Reached skill level 1 in Shields
  4999 | D:7      | Found a staircase to the Ecumenical Temple.
  5277 | D:7      | Reached XP level 9. HP: 81/81 MP: 8/8
  5545 | D:8      | Found a basalt altar of Yredelemnul.
  6038 | D:8      | Found a hide-covered altar of Uskayaw.
  6186 | D:8      | Found a snail-covered altar of Cheibriados.
  6196 | D:8      | Reached ***** piety under Trog
  6391 | D:9      | Found an opulent altar of Gozag.
  6394 | D:9      | Found Gozag's Platinum Reserve.
  6573 | D:9      | Noticed Harold
  6584 | D:9      | Killed Harold
  6584 | D:9      | Reached XP level 10. HP: 80/91 MP: 9/9
  7004 | D:10     | Entered Level 10 of the Dungeon
  7045 | D:10     | Noticed a two-headed ogre
  7059 | D:10     | Killed a two-headed ogre
  7280 | D:10     | Reached skill level 10 in Fighting
  7280 | D:10     | Reached skill level 1 in Throwing
  7286 | D:10     | Reached skill level 10 in Axes
  7535 | D:5      | Bought a pair of ichor-stained boots for 256 gold pieces
  7540 | D:5      | Identified the cursed +0 pair of boots of the Dungeon
                  | {-Tele Int+5 SInv} (You bought it in a shop on level 5 of
                  | the Dungeon)
  8297 | D:11     | Noticed a gargoyle
  8300 | D:11     | Killed a gargoyle
  8351 | D:11     | Noticed a red ugly thing
  8362 | D:11     | Killed a red ugly thing
  8362 | D:11     | Noticed a centaur warrior
  8366 | D:11     | Noticed a cyan ugly thing
  8377 | D:11     | HP: 4/94 [centaur warrior/arrow (14)]
  8378 | D:11     | Killed a centaur warrior
  8413 | D:11     | Killed a cyan ugly thing
  8436 | D:11     | Reached XP level 11. HP: 52/101 MP: 10/10
  8592 | D:11     | Found the +8 trident of the Octopus King {venom, rElec
                  | rPois MR+}
  8602 | D:11     | Received a gift from Trog
  8963 | D:11     | Noticed a two-headed ogre
  8972 | D:11     | Killed a two-headed ogre
  9383 | D:11     | Found a staircase to the Lair.
  9403 | D:11     | Found a white marble altar of Elyvilon.
  9645 | Lair:1   | Entered Level 1 of the Lair of Beasts
  9736 | Lair:1   | Reached skill level 10 in Polearms
  9871 | Lair:1   | Reached skill level 10 in Armour
 10789 | Lair:2   | Noticed a seven-headed hydra
 10805 | Lair:2   | Killed a seven-headed hydra
 10969 | Lair:2   | Reached XP level 12. HP: 81/112 MP: 11/11
 11044 | Lair:2   | You fall through a shaft!
 11055 | Lair:3   | Found a runed door.
 11058 | Lair:3   | Noticed Dulliwn's ghost (journeyman GrBe)
 11109 | Lair:3   | Killed Dulliwn's ghost
 11116 | Lair:3   | HP: 2/112 [spriggan rider/transparent trident {pain} (11)]
 11116 | Lair:3   | Identified the +7 trident of Inquiry {pain, *Contam rN+ MR+
                  | Stlth+}
 11116 | Lair:3   | Slain by a spriggan rider

Skill      XL: |  1  2  3  4  5  6  7  8  9 10 11 |
---------------+----------------------------------+-----
Axes           | 4 5 6 8 11 12 | 12.0
Fighting       | 4 5 7 9 10 12 | 12.2
Dodging        | 3 |  3.0
Armour         | 3 5 6 7 8 10 | 10.8
Polearms       | 3 7 9 11 | 11.7
Shields        | 1 2 4 |  4.4
Throwing       | 1 |  1.4
Stealth        | |  0.1

Action                   |  1- 3 |  4- 6 |  7- 9 | 10-12 || total
-------------------------+-------+-------+-------+-------++-------
Melee: Hand axe          |    71 |   113 |       |       ||   184
       Headbutt          |     8 |    20 |    71 |    60 ||   159
       Spear             |       |       |   325 |       ||   325
       Battleaxe         |       |       |    11 |    92 ||   103
       Trident           |       |       |       |   183 ||   183
Throw: Tomahawk          |       |       |     1 |     3 ||     4
Invok: Berserk           |       |     3 |     1 |     8 ||    12
       Trog's Hand       |       |       |       |     1 ||     1
       Brothers in Arms  |       |       |       |     1 ||     1
Evoke: Sack of spiders   |       |       |       |     3 ||     3
  Use: Scroll            |       |     7 |     2 |     9 ||    18
       Potion            |       |       |     9 |     3 ||    12
 Stab: Sleeping          |       |     1 |       |       ||     1
       Paralysed         |       |     3 |       |       ||     3
  Eat: Chunk             |       |     8 |    14 |    18 ||    40
       Ration            |       |       |       |     1 ||     1
Armor: Animal skin       |    21 |    12 |       |       ||    33
       Ring mail         |       |     9 |    54 |   113 ||   176
Dodge: Dodged            |    56 |    82 |   113 |   190 ||   441
Block: Buckler           |       |       |    19 |    26 ||    45
